 Dungeon Crawl Stone Soup version 0.24-a0-201-gf2055891f0 (webtiles) character file.

Game seed: 12098017049950194830

1118 EnegeticOcto the Changer (level 8, 0/42 HPs)
             Began as a Spriggan Transmuter on Mar 19, 2019.
             Was an Initiate of Ru.
             Slain by an ogre
             ... wielding a +0 giant club
              (27 damage)
             ... on level 5 of the Dungeon.
             The game lasted 00:13:16 (4788 turns).

EnegeticOcto the Changer (Spriggan Transmuter)      Turns: 4788, Time: 00:13:17

Health: 0/42       AC:  4    Str:  7    XL:     8   Next: 12%
Magic:  18/18      EV: 18    Int: 14    God:    Ru [......]
Gold:   10         SH:  0    Dex: 18    Spells: 13/19 levels left

rFire    . . .     SeeInvis +   n - +2 whip (venom)
rCold    . . .     Gourm    .   (shield restricted)
rNeg     . . .     Faith    .   b - +0 robe
rPois    +         Spirit   .   (helmet restricted)
rElec    .         Reflect  .   v - +1 cloak {rPois}
rCorr    .         Harm     .   (gloves unavailable)
MR       +....                  (boots unavailable)
Stlth    ++........             h - amulet of regeneration
HPRegen  0.54/turn              (no ring)
MPRegen  0.16/turn              (no ring)

@: very quick
A: very small, unfitting armour, see invisible, herbivore, speed 3, slow
metabolism 2
a: Renounce Religion


You were on level 5 of the Dungeon.
You worshipped Ru.
Ru was noncommittal.
You were not hungry.

You visited 2 branches of the dungeon, and saw 6 of its levels.
You also visited: Sewer and Ossuary.

You collected 284 gold pieces.
You spent 274 gold pieces at shops.

Inventory:

Hand Weapons
 k - a +1 short sword of speed
 n - a +2 whip of venom (weapon)
Missiles
 a - 52 arrows
 f - 114 stones (quivered)
Armour
 b - a +0 robe (worn)
 v - a +1 cloak of poison resistance (worn)
Jewellery
 h - an amulet of regeneration (around neck)
Scrolls
 c - 8 scrolls of remove curse {@r2}
 m - 2 scrolls of enchant armour
 p - 2 scrolls of teleportation {@r3 !r}
 q - a scroll of magic mapping {@r5 !r}
 s - 3 scrolls of blinking {@r4}
 t - a scroll of fog {!r}
 x - 4 scrolls of amnesia
 y - a scroll of enchant weapon {unknown}
 B - a scroll of immolation
 C - a scroll of noise
 D - a scroll of summoning
Potions
 d - 4 potions of heal wounds {@q2}
 g - a potion of agility {@q5 !q}
 i - a potion of berserk rage
 j - 7 potions of curing {@q1}
 l - a potion of ambrosia
 o - 2 potions of flight
 r - 4 potions of lignification {@q6}
 u - a potion of mutation
 w - a potion of haste {@q4 !q}
 z - 2 potions of brilliance
 A - a potion of might {unknown}
 E - a potion of invisibility {unknown}
Comestibles
 e - 6 rations


   Skills:
 + Level 4.0 Fighting
 - Level 3.0 Dodging
 + Level 4.7 Unarmed Combat
 - Level 6.0 Spellcasting
 + Level 6.9 Transmutations


You had 13 spell levels left.
You knew the following spells:

 Your Spells              Type           Power        Failure   Level  Hunger
a - Beastly Appendage     Tmut           ###...       1%          1    None
b - Sticks to Snakes      Tmut           ###.....     1%          2    #......
c - Spider Form           Tmut/Pois      ##........   12%         3    ###....

Your spell library contained the following spells:

 Spells                   Type           Power        Failure   Level  Hunger
 Blade Hands              Tmut           ###.......   26%         5    ######.
 Ice Form                 Ice/Tmut       ##......     36%         4    ####...


Dungeon Overview and Level Annotations

Branches:
Dungeon (5/15)             Temple (1/1) D:5

Altars:
Ashenzari
Cheibriados
Dithmenos
Elyvilon
Gozag
Kikubaaqudgha
Makhleb
Okawaru
Qazlal
Ru
Sif Muna
Trog
Uskayaw
Vehumet
Zin

Shops:
D:4 ?


Innate Abilities, Weirdness & Mutations

You are very small and have problems with some larger weapons.
You are too small for most types of armour.
You have supernaturally acute eyesight. (SInv)
You are a herbivore.
You cover ground extremely quickly.
You need to consume almost no food.


Message History

Press: ? - help, Shift-Dir - straight line, f - ogre
Aim: an ogre, wielding a +0 giant club (moderately wounded, poisoned)
You throw a stone.
The stone hits the ogre but does no damage.
The ogre is moderately wounded.
Throwing (i - inventory)
f - 116 stones (quivered)
Press: ? - help, Shift-Dir - straight line, f/p - ogre
Aim: an ogre, wielding a +0 giant club (moderately wounded, poisoned)
You throw a stone.
The stone hits the ogre but does no damage.
The ogre is moderately wounded.
Throwing (i - inventory)
f - 115 stones (quivered)
Press: ? - help, Shift-Dir - straight line, f/p - ogre
Aim: an ogre, wielding a +0 giant club (heavily wounded, poisoned)
You throw a stone. The stone barely misses the ogre.
You hit the ogre.
The ogre looks as sick as possible!
The ogre is severely wounded.
The ogre hits you with a +0 giant club!!
Ouch! That really hurt!
You die...

## .. #. #. #.########
#........###############
#.)####.(((O@..........#
#.†# ##.#############.#
.......# ### #.#
........ #.######
##.##.###.. #....... #.
#. ... #######. # ## #..
#. #.. ##. #..#
#######..


You could see an ogre.

Vanquished Creatures
  A hippogriff (D:3)
  Purgy (Sewer)
  A bullfrog (D:3)
  2 scorpions
  2 howler monkeys
  2 centaur zombies (Ossuary)
  2 hounds
  Crazy Yiuf (D:2)
  A centaur skeleton (D:4)
  An orc wizard (D:4)
  Terence (D:2)
  4 worker ants
  A hound skeleton (D:4)
  A mummy (Ossuary)
  Robin (D:2)
  5 gnolls (D:3)
  7 adders
  An adder skeleton (D:4)
  7 worms
  A dart slug (D:1)
  7 leopard geckos
  7 orcs
  8 bats
  3 giant cockroaches
  10 hobgoblins
  3 jackals
  7 kobolds
  5 quokkas
  2 ball pythons
  5 frilled lizards
  14 goblins
  A jackal skeleton (D:5)
  4 rats
119 creatures vanquished.

Vanquished Creatures (collateral kills)
  A mummy (Ossuary)
  A kobold (D:1)
2 creatures vanquished.

Grand Total: 121 creatures vanquished

Notes
Turn   | Place    | Note
-------+----------+-------------------------------------------
     0 | D:1      | EnegeticOcto the Spriggan Transmuter began the quest for
                  | the Orb.
     0 | D:1      | Reached XP level 1. HP: 9/9 MP: 5/5
   148 | D:1      | You fall through a shaft!
   544 | D:1      | Reached skill level 1 in Fighting
   626 | D:1      | Reached XP level 2. HP: 14/14 MP: 4/6
   697 | D:1      | Learned a level 2 spell: Sticks to Snakes
  1299 | D:2      | Noticed Robin
  1328 | D:2      | Reached XP level 3. HP: 16/18 MP: 8/8
  1470 | D:2      | Killed Robin
  1539 | D:2      | Found a glowing silver altar of Zin.
  1554 | D:2      | Reached XP level 4. HP: 2/23 MP: 10/10
  1624 | D:2      | Learned a level 3 spell: Spider Form
  1665 | D:2      | Noticed Terence
  1674 | D:2      | Killed Terence
  1764 | D:2      | Found a runed translucent door.
  1765 | D:2      | Noticed Crazy Yiuf
  1939 | D:2      | Killed Crazy Yiuf
  2011 | D:3      | Noticed a bullfrog
  2021 | D:3      | Killed a bullfrog
  2021 | D:3      | Reached XP level 5. HP: 24/26 MP: 8/12
  2059 | D:3      | Found a glowing drain.
  2064 | Sewer    | Entered a sewer
  2128 | Sewer    | Noticed Purgy
  2158 | Sewer    | Killed Purgy
  2158 | Sewer    | Reached XP level 6. HP: 25/32 MP: 13/13
  2377 | D:3      | Noticed a hippogriff
  2416 | D:3      | Killed a hippogriff
  2416 | D:3      | Reached skill level 5 in Spellcasting
  2416 | D:3      | Reached skill level 5 in Transmutations
  2486 | D:3      | Reached XP level 7. HP: 31/36 MP: 15/15
  3170 | D:4      | Noticed a moth of wrath
  3348 | D:4      | Found a bloodstained altar of Trog.
  3463 | D:4      | Found a burning altar of Makhleb.
  3492 | D:4      | Found Opleben's Magic Scroll Shoppe.
  3976 | D:4      | Found a hide-covered altar of Uskayaw.
  3976 | D:4      | Found a deep blue altar of Sif Muna.
  4154 | D:5      | Entered Level 5 of the Dungeon
  4174 | D:5      | Found a sand-covered staircase.
  4183 | Ossuary  | Entered an ossuary
  4296 | Ossuary  | Reached XP level 8. HP: 31/42 MP: 14/18
  4407 | D:5      | Found a staircase to the Ecumenical Temple.
  4432 | Temple   | Entered the Ecumenical Temple
  4458 | Temple   | Became a worshipper of Ru the Awakened
  4569 | D:4      | Bought a scroll of immolation for 38 gold pieces
  4569 | D:4      | Bought a scroll of teleportation for 33 gold pieces
  4569 | D:4      | Bought a scroll of noise for 11 gold pieces
  4569 | D:4      | Bought a scroll of summoning for 104 gold pieces
  4569 | D:4      | Bought a scroll of identify for 22 gold pieces
  4569 | D:4      | Bought a scroll of identify for 22 gold pieces
  4569 | D:4      | Bought a scroll of identify for 22 gold pieces
  4569 | D:4      | Bought a scroll of identify for 22 gold pieces
  4788 | D:5      | Slain by an ogre

Levels and vault maps discovered:
D:1:      minmay_arrival_plants_in_alcoves, layout_loops_ring, hex_large
D:2:      layout_rooms, overflow_temple_1_default, grunt_decor_resistance,
          uniq_terence, uniq_robin, uniq_crazy_yiuf_cottage
D:3:      layout_loops_ring, portal_sewer_entry_e, chequers_arboretum,
          minmay_fractal_squares_diagonal_5
D:4:      layout_loops_ring, gammafunk_temple_overflow_pools, tgw_trog,
          serial_shops, nicolae_shop_statue_plus, first_ration,
          makhleb_heckhound_becter
D:5:      layout_loops_ring, minmay_temple_entry_junction_2, enter_ossuary_5
Temple:   hc_temple_tempest_star
Sewer:    sewer_the_crocodile
Ossuary:  ossuary_minmay_four_chambers

Skill      XL: |  1  2  3  4  5  6  7  8 |
---------------+-------------------------+-----
Fighting       | 1 2 3 4 |  4.0
Transmutations | 3 4 5 6 |  6.9
Spellcasting   | 3 4 5 6 |  6.0
Unarmed Combat | 3 4 |  4.7
Dodging        | |  3.0

Action                   |  1- 3 |  4- 6 |  7- 9 || total
-------------------------+-------+-------+-------++-------
Melee: Unarmed           |    19 |    21 |    22 ||    62
       Headbutt          |     6 |     2 |       ||     8
       Short sword       |    65 |       |       ||    65
       Whip              |    53 |    70 |   200 ||   323
       Kick              |     3 |       |     5 ||     8
       Punch             |       |       |     3 ||     3
Throw: Stone             |     9 |       |     9 ||    18
 Cast: Beastly Appendage |     6 |     3 |     1 ||    10
       Sticks to Snakes  |     2 |     3 |     7 ||    12
       Spider Form       |       |     3 |     3 ||     6
  Use: Scroll            |       |     6 |    13 ||    19
 Stab: Sleeping          |     3 |     2 |     2 ||     7
       Distracted        |       |       |     1 ||     1
  Eat: Ration            |       |       |     2 ||     2
Armor: Robe              |     8 |     7 |    15 ||    30
       Skin              |       |     1 |     2 ||     3
Dodge: Dodged            |    81 |    90 |   160 ||   331

Table legend:
 A = Non-vault XP
 B = Vault XP
 C = Vault XP percentage of total XP
 D = Non-vault monster count
 E = Vault monster count
 F = Vault count percentage of total count
                 A         B        C        D         E       F
            +---------+---------+-------+---------+---------+-------
      Total |     888 |     710 |  44.4 |      84 |      37 |  30.6
            +---------+---------+-------+---------+---------+-------
        D:1 |      31 |       0 |   0.0 |      18 |       0 |   0.0
        D:2 |      52 |     111 |  68.1 |      12 |      13 |  52.0
        D:3 |     210 |     280 |  57.1 |      26 |       8 |  23.5
        D:4 |     389 |      60 |  13.4 |      18 |       6 |  25.0
        D:5 |     206 |       0 |   0.0 |      10 |       0 |   0.0
      Sewer |       0 |     148 | 100.0 |       0 |       6 | 100.0
    Ossuary |       0 |     111 | 100.0 |       0 |       4 | 100.0
            +---------+---------+-------+---------+---------+-------
